PAA
MERCER ISLAND SCREAMING EAGLES @ ITHACA FIGHTING IMPS
07/05/2042
 
TOP OF THE 1ST
Mercer Island Screaming Eagles batting - Pitching for Ithaca Fighting Imps : LHP Luis Matos
Pitching: LHP Luis Matos
Batting: RHB Yoshiki Shimizu 0-0: Foul Ball, location: 2F
0-1: Foul Ball, location: 2F
0-2: Ball
1-2: Fly out, F7 (Line Drive, 7D, EV 98.1 MPH)
Batting: RHB Tim Wright 0-0: Ball
1-0: Foul Ball, location: 2F
1-1: Ball
2-1: Ball
3-1: Foul Ball, location: 2F
3-2: SINGLE (Line Drive, 7S, EV 103.1 MPH)
Batting: RHB Chut-sai Meng 0-0: Fielders Choice at 2nd, 5-4 (Groundball, 56, EV 96.2 MPH)
Batting: RHB Dima Tabakaev 0-0: Ball
Chut-sai Meng steals 2nd base
1-0: Swinging Strike
1-1: Ball
2-1: Foul Ball, location: 2F
2-2: 2-RUN HOME RUN (Flyball, 7D, EV 96.2 MPH), Distance : 371 ft
Batting: RHB Thiago Yepes 0-0: Ball
1-0: Called Strike
1-1: Called Strike
1-2: Foul Ball, location: 2F
1-2: Strikes out swinging
Top of the 1st over - 2 runs, 2 hits, 0 errors, 0 left on base; Mercer Island 2 - Ithaca 0
BOTTOM OF THE 1ST
Ithaca Fighting Imps batting - Pitching for Mercer Island Screaming Eagles : RHP Kevin Gabriel
Pitching: RHP Kevin Gabriel
Batting: RHB Daryl Pethick 0-0: Ball
1-0: Swinging Strike
1-1: Ball
2-1: Called Strike
2-2: Strikes out looking
Batting: LHB Pedro Gonzáles 0-0: Called Strike
0-1: Foul Ball, location: 2F
0-2: Ball
1-2: Ball
2-2: Foul Ball, location: 2F
2-2: Foul Ball, location: 2F
2-2: Ball
3-2: Ground out 5-3 (Groundball, 56, EV 97.5 MPH)
Batting: RHB Aloysius Szymanski 0-0: Foul Ball, location: 2F
0-1: Foul Ball, location: 2F
0-2: Strikes out swinging
Bottom of the 1st over - 0 runs, 0 hits, 0 errors, 0 left on base; Mercer Island 2 - Ithaca 0
TOP OF THE 2ND
Mercer Island Screaming Eagles batting - Pitching for Ithaca Fighting Imps : LHP Luis Matos
Batting: RHB Juan Lugo 0-0: Called Strike
0-1: Foul Ball, location: 2F
0-2: Foul Ball, location: 2F
0-2: Ball
1-2: Ball
2-2: Ground out 1-3 (Groundball, P, EV 88.8 MPH)
Batting: RHB Dong-woo Kim 0-0: Foul Ball, location: 2F
0-1: Ball
1-1: Foul Ball, location: 2F
1-2: Ground out 6-3 (Groundball, 6, EV 80.0 MPH)
Batting: RHB Yue-rong Duan 0-0: Ball
1-0: Ball
2-0: Ball
3-0: Called Strike
3-1: Ground out 4-3 (Groundball, 4M, EV 83.1 MPH)
Top of the 2nd over - 0 runs, 0 hits, 0 errors, 0 left on base; Mercer Island 2 - Ithaca 0
BOTTOM OF THE 2ND
Ithaca Fighting Imps batting - Pitching for Mercer Island Screaming Eagles : RHP Kevin Gabriel
Batting: SHB Paul Wood 0-0: Ball
1-0: Foul Ball, location: 2F
1-1: SINGLE (Groundball, 34D, EV 101.9 MPH)
Batting: RHB Carlos Valle 0-0: Ball
1-0: Ball
2-0: Ball
3-0: Called Strike
3-1: Fly out, F3 (Line Drive, 3, EV 68.8 MPH)
Batting: LHB Jimmy Wilcox 0-0: Foul Ball, location: 2F
0-1: Ball
1-1: Called Strike
1-2: Strikes out swinging
Batting: RHB J.J. Holmes 0-0: Ball
1-0: Ball
2-0: Ball
3-0: Base on Balls
Paul Wood to second
Batting: RHB Everett Garland 0-0: Called Strike
0-1: Ground out 1-3 (Groundball, P, EV 90.0 MPH)
Bottom of the 2nd over - 0 runs, 1 hit, 0 errors, 2 left on base; Mercer Island 2 - Ithaca 0
TOP OF THE 3RD
Mercer Island Screaming Eagles batting - Pitching for Ithaca Fighting Imps : LHP Luis Matos
Batting: LHB Domingo Ramos 0-0: Ball
1-0: Called Strike
1-1: Ball
2-1: Fly out, F3 (Line Drive, 3, EV 67.5 MPH)
Batting: RHB Yoshiki Shimizu 0-0: Called Strike
0-1: Ground out 4-3 (Groundball, 4, EV 80.0 MPH)
Batting: RHB Tim Wright 0-0: Ground out 5-3 (Groundball, 56S, EV 81.2 MPH)
Top of the 3rd over - 0 runs, 0 hits, 0 errors, 0 left on base; Mercer Island 2 - Ithaca 0
BOTTOM OF THE 3RD
Ithaca Fighting Imps batting - Pitching for Mercer Island Screaming Eagles : RHP Kevin Gabriel
Batting: RHB Pedro Costa 0-0: Called Strike
0-1: Ball
1-1: Ball
2-1: Foul Ball, location: 2F
2-2: Foul Ball, location: 2F
2-2: Fly out, F8 (Flyball, 8RM, EV 88.8 MPH)
Batting: RHB Daryl Pethick 0-0: Foul Ball, location: 2F
0-1: SINGLE (Line Drive, 5D, EV 98.8 MPH)
Batting: LHB Pedro Gonzáles 0-0: Called Strike
0-1: Called Strike
0-2: Foul Ball, location: 2F
0-2: Ball
1-2: Ball
2-2: Ball
3-2: Foul Ball, location: 2F
3-2: Ground out 5-3 (Groundball, 5S, EV 73.1 MPH)
Daryl Pethick to second
Batting: RHB Aloysius Szymanski 0-0: Ball
1-0: Ball
2-0: Called Strike
2-1: Foul Ball, location: 2F
2-2: Fly out, F8 (Flyball, 89M, EV 91.2 MPH)
Bottom of the 3rd over - 0 runs, 1 hit, 0 errors, 1 left on base; Mercer Island 2 - Ithaca 0
TOP OF THE 4TH
Mercer Island Screaming Eagles batting - Pitching for Ithaca Fighting Imps : LHP Luis Matos
Batting: RHB Chut-sai Meng 0-0: Ground out 4-3 (Groundball, 4, EV 85.0 MPH)
Batting: RHB Dima Tabakaev 0-0: Foul Ball, location: 2F
0-1: Ball
1-1: Ground out 4-3 (Groundball, 4, EV 85.6 MPH)
Batting: RHB Thiago Yepes 0-0: Fly out, F9 (Flyball, 89D, EV 103.1 MPH)
Top of the 4th over - 0 runs, 0 hits, 0 errors, 0 left on base; Mercer Island 2 - Ithaca 0
BOTTOM OF THE 4TH
Ithaca Fighting Imps batting - Pitching for Mercer Island Screaming Eagles : RHP Kevin Gabriel
Batting: SHB Paul Wood 0-0: Called Strike
0-1: Called Strike
0-2: Ball
1-2: Strikes out looking
Batting: RHB Carlos Valle 0-0: Ball
1-0: Foul Ball, location: 2F
1-1: Called Strike
1-2: Strikes out swinging
Batting: LHB Jimmy Wilcox 0-0: Called Strike
0-1: Ground out 4-3 (Groundball, 4, EV 87.5 MPH)
Bottom of the 4th over - 0 runs, 0 hits, 0 errors, 0 left on base; Mercer Island 2 - Ithaca 0
TOP OF THE 5TH
Mercer Island Screaming Eagles batting - Pitching for Ithaca Fighting Imps : LHP Luis Matos
Batting: RHB Juan Lugo 0-0: Ball
1-0: Ball
2-0: Called Strike
2-1: Ground out 6-3 (Groundball, 6MS, EV 84.4 MPH)
Batting: RHB Dong-woo Kim 0-0: Ball
1-0: Ball
2-0: Ball
3-0: Foul Ball, location: 2F
3-1: Called Strike
3-2: Foul Ball, location: 2F
3-2: DOUBLE (Line Drive, 7LM, EV 93.8 MPH)
Batting: RHB Yue-rong Duan 0-0: Called Strike
0-1: Fly out, F8 (Flyball, 8LD, EV 86.2 MPH)
Batting: LHB Domingo Ramos 0-0: Ball
1-0: Ball
2-0: Foul Ball, location: 2F
2-1: Foul Ball, location: 2F
2-2: TRIPLE (Flyball, 89XD, EV 102.5 MPH)
Dong-woo Kim scores
Batting: RHB Yoshiki Shimizu 0-0: Called Strike
0-1: Swinging Strike
0-2: Ball
1-2: Ball
2-2: Foul Ball, location: 2F
2-2: Strikes out swinging
Top of the 5th over - 1 run, 2 hits, 0 errors, 1 left on base; Mercer Island 3 - Ithaca 0
BOTTOM OF THE 5TH
Ithaca Fighting Imps batting - Pitching for Mercer Island Screaming Eagles : RHP Kevin Gabriel
Batting: RHB J.J. Holmes 0-0: Ball
1-0: SOLO HOME RUN (Flyball, 78XD, EV 99.4 MPH), Distance : 402 ft
Batting: RHB Everett Garland 0-0: Ball
1-0: SOLO HOME RUN (Flyball, 7LD, EV 96.9 MPH), Distance : 357 ft
Batting: RHB Pedro Costa 0-0: Ball
1-0: Called Strike
1-1: Ball
2-1: Foul Ball, location: 2F
2-2: Foul Ball, location: 2F
2-2: Strikes out swinging
Batting: RHB Daryl Pethick 0-0: Reached via error on a dropped throw from 3B, E3 (Groundball, 56S, EV 69.4 MPH)
Batting: LHB Pedro Gonzáles 0-0: Foul Ball, location: 2F
0-1: Ball
1-1: Foul Ball, location: 2F
1-2: SINGLE (Line Drive, 9LS, EV 106.2 MPH)
Daryl Pethick to second
Batting: RHB Aloysius Szymanski 0-0: Ball
1-0: Ball
2-0: Called Strike
2-1: Foul Ball, location: 2F
2-2: Grounds into double play, 5-4-3 (Groundball, 5S, EV 87.5 MPH)
Bottom of the 5th over - 2 runs, 3 hits, 1 error, 1 left on base; Mercer Island 3 - Ithaca 2
TOP OF THE 6TH
Mercer Island Screaming Eagles batting - Pitching for Ithaca Fighting Imps : LHP Luis Matos
Pitching: RHP Don Murray
Batting: RHB Tim Wright 0-0: Ball
1-0: Called Strike
1-1: Ball
2-1: Swinging Strike
2-2: Ball
3-2: Foul Ball, location: 2F
3-2: Foul Ball, location: 2F
3-2: Fly out, F9 (Line Drive, 9D, EV 96.2 MPH)
Batting: RHB Chut-sai Meng 0-0: Ball
1-0: Foul Ball, location: 2F
1-1: Ball
2-1: Fly out, F3 (Popup, 3DF, EV 61.2 MPH)
Batting: RHB Dima Tabakaev 0-0: Ball
1-0: Ball
2-0: Fly out, F9 (Flyball, 9LSF, EV 77.5 MPH)
Top of the 6th over - 0 runs, 0 hits, 0 errors, 0 left on base; Mercer Island 3 - Ithaca 2
BOTTOM OF THE 6TH
Ithaca Fighting Imps batting - Pitching for Mercer Island Screaming Eagles : RHP Kevin Gabriel
Batting: SHB Paul Wood 0-0: Called Strike
0-1: Called Strike
0-2: Ball
1-2: Fly out, F8 (Flyball, 8RD, EV 88.1 MPH)
Batting: RHB Carlos Valle 0-0: Foul Ball, location: 2F
0-1: SINGLE (Flyball, 78S, EV 86.9 MPH)
Batting: LHB Jimmy Wilcox 0-0: Foul Ball, location: 2F
0-1: Ball
1-1: Fielders Choice at 2nd, 6-4 (Groundball, 6, EV 105.0 MPH)
Batting: RHB J.J. Holmes 0-0: Ball
1-0: SINGLE (Line Drive, 56D, EV 108.8 MPH)
Jimmy Wilcox to second
Batting: RHB Everett Garland 0-0: Called Strike
0-1: Fielders Choice at 2nd, 6-4 (Groundball, 6, EV 103.8 MPH)
Bottom of the 6th over - 0 runs, 2 hits, 0 errors, 2 left on base; Mercer Island 3 - Ithaca 2
TOP OF THE 7TH
Mercer Island Screaming Eagles batting - Pitching for Ithaca Fighting Imps : RHP Don Murray
Batting: RHB Thiago Yepes 0-0: Ball
1-0: Ball
2-0: Ball
3-0: Base on Balls
Batting: RHB Juan Lugo 0-0: Foul Ball, location: 2F
0-1: Ball
1-1: DOUBLE (Line Drive, 3D, EV 101.9 MPH)
Thiago Yepes to third
Pitching: RHP Jesús Solís
Batting: RHB Dong-woo Kim 0-0: Foul Ball, location: 2F
0-1: Ball
1-1: Ball
2-1: Called Strike
2-2: Ball
3-2: Foul Ball, location: 2F
3-2: Foul Ball, location: 2F
3-2: Strikes out looking
Batting: RHB Yue-rong Duan 0-0: Called Strike
0-1: Ball
1-1: Swinging Strike
1-2: Ball
2-2: Fly out, F8 (Flyball, 8LS, EV 89.4 MPH)
Batting: LHB Domingo Ramos 0-0: Called Strike
0-1: Ground out 6-3 (Groundball, 6, EV 89.4 MPH)
Top of the 7th over - 0 runs, 1 hit, 0 errors, 2 left on base; Mercer Island 3 - Ithaca 2
BOTTOM OF THE 7TH
Ithaca Fighting Imps batting - Pitching for Mercer Island Screaming Eagles : RHP Kevin Gabriel
Batting: RHB Pedro Costa 0-0: Ball
1-0: DOUBLE (Line Drive, 7LS, EV 98.8 MPH)
Pitching: RHP Mike Barraza
Pinch Hitting: LHB Robbie Care 0-0: Ball
1-0: Swinging Strike
1-1: Ball
2-1: Swinging Strike
2-2: Ball
3-2: Strikes out swinging
Batting: LHB Pedro Gonzáles 0-0: Ground out 4-3 (Groundball, 4MS, EV 75.6 MPH)
Pedro Costa to third
Batting: RHB Aloysius Szymanski 0-0: Ball
1-0: Ball
2-0: Ball
3-0: Called Strike
3-1: Fly out, F9 (Flyball, 9LM, EV 90.0 MPH)
Bottom of the 7th over - 0 runs, 1 hit, 0 errors, 1 left on base; Mercer Island 3 - Ithaca 2
TOP OF THE 8TH
Mercer Island Screaming Eagles batting - Pitching for Ithaca Fighting Imps : RHP Jesús Solís
Now in RF: Robbie Care
Batting: RHB Yoshiki Shimizu 0-0: Ball
1-0: Called Strike
1-1: Foul Ball, location: 2F
1-2: SINGLE (Groundball, 6D, EV 97.5 MPH)
Batting: RHB Tim Wright 0-0: Called Strike
0-1: Swinging Strike
0-2: Ball
1-2: Foul Ball, location: 2F
1-2: DOUBLE (Line Drive, 5D, EV 96.2 MPH)
Yoshiki Shimizu to third
Batting: RHB Chut-sai Meng 0-0: Ball
1-0: Ball
2-0: Ball
3-0: Base on Balls
Pitching: RHP Alberto Cruz
Batting: RHB Dima Tabakaev 0-0: Called Strike
0-1: Ball
1-1: Ball
2-1: SINGLE (Groundball, 56D, EV 107.5 MPH)
Yoshiki Shimizu scores
Tim Wright to third
Chut-sai Meng to second
Batting: RHB Thiago Yepes 0-0: Called Strike
0-1: SINGLE (Groundball, 4MD, EV 99.4 MPH)
Tim Wright scores
Chut-sai Meng to third
Dima Tabakaev to second
Runner from 3rd tries for Home, SAFE, no throw by CF
Batting: RHB Juan Lugo 0-0: Called Strike
0-1: SINGLE (Groundball, 56, EV 100.6 MPH) (infield hit)
Dima Tabakaev to third
Thiago Yepes to second
Batting: RHB Dong-woo Kim 0-0: Ball
1-0: Called Strike
1-1: Ball
2-1: Foul Ball, location: 2F
2-2: SINGLE (Line Drive, 3D, EV 110.0 MPH)
Dima Tabakaev scores
Thiago Yepes to third
Juan Lugo to second
Batting: RHB Yue-rong Duan 0-0: Ball
1-0: Fly out, F7 (Flyball, 7S, EV 86.2 MPH)
Batting: LHB Domingo Ramos 0-0: DOUBLE (Flyball, 8RXD, EV 109.4 MPH)
Thiago Yepes scores
Juan Lugo scores
Dong-woo Kim to third
Runner from 3rd tries for Home, SAFE, throw by CF to trailing runner, OUT at third! 8-4-5
Batting: RHB Yoshiki Shimizu 0-0: DOUBLE (Line Drive, 8LXD, EV 106.2 MPH)
Batting: RHB Tim Wright 0-0: Ball
1-0: Called Strike
1-1: Foul Ball, location: 2F
1-2: Strikes out swinging
Top of the 8th over - 7 runs, 8 hits, 0 errors, 1 left on base; Mercer Island 10 - Ithaca 2
BOTTOM OF THE 8TH
Ithaca Fighting Imps batting - Pitching for Mercer Island Screaming Eagles : RHP Mike Barraza
Batting: SHB Paul Wood 0-0: Ball
1-0: Called Strike
1-1: Ground out 4-3 (Groundball, 34, EV 81.9 MPH)
Batting: RHB Carlos Valle 0-0: Fly out, F8 (Flyball, 8RXD, EV 86.2 MPH)
Batting: LHB Jimmy Wilcox 0-0: Ground out 4-3 (Groundball, 34D, EV 103.8 MPH)
Bottom of the 8th over - 0 runs, 0 hits, 0 errors, 0 left on base; Mercer Island 10 - Ithaca 2
TOP OF THE 9TH
Mercer Island Screaming Eagles batting - Pitching for Ithaca Fighting Imps : RHP Alberto Cruz
Batting: RHB Chut-sai Meng 0-0: Fly out, F8 (Flyball, 78D, EV 89.4 MPH)
Batting: RHB Dima Tabakaev 0-0: Ball
1-0: Called Strike
1-1: Ball
2-1: Ball
3-1: Called Strike
3-2: Ground out 4-3 (Groundball, 4, EV 83.8 MPH)
Batting: RHB Thiago Yepes 0-0: Fly out, F9 (Flyball, 9S, EV 87.5 MPH)
Top of the 9th over - 0 runs, 0 hits, 0 errors, 0 left on base; Mercer Island 10 - Ithaca 2
BOTTOM OF THE 9TH
Ithaca Fighting Imps batting - Pitching for Mercer Island Screaming Eagles : RHP Mike Barraza
Batting: RHB J.J. Holmes 0-0: Called Strike
0-1: Foul Ball, location: 2F
0-2: Strikes out looking
Batting: RHB Everett Garland 0-0: DOUBLE (Groundball, 3L, EV 106.2 MPH)
Batting: RHB Pedro Costa 0-0: Ball
1-0: Ball
2-0: Called Strike
2-1: Foul Ball, location: 2F
2-2: SINGLE (Groundball, 56S, EV 81.2 MPH) (infield hit)
Everett Garland to third
Batting: LHB Robbie Care 0-0: Called Strike
0-1: Ball
1-1: Swinging Strike
1-2: Foul Ball, location: 2F
1-2: Foul Ball, location: 2F
1-2: Strikes out swinging
Batting: LHB Pedro Gonzáles 0-0: Ball
1-0: Foul Ball, location: 2F
1-1: Ball
2-1: Foul Ball, location: 2F
2-2: Ground out 6-3 (Groundball, 6M, EV 98.8 MPH)
Bottom of the 9th over - 0 runs, 2 hits, 0 errors, 2 left on base; Mercer Island 10 - Ithaca 2
Friday, March 26th, 2021 - OOTP Baseball 20.8 Build 74